 Dungeon Crawl Stone Soup version 0.20-a0-1033-g05abe66 (webtiles) character file.

826 Herrn the Slasher (level 8, -1/63 HPs)
             Began as a Formicid Wanderer on Apr 21, 2017.
             Was an Initiate of Okawaru.
             Slain by a gnoll (5 damage)
             ... on level 5 of the Dungeon.
             The game lasted 00:08:41 (5672 turns).

Herrn the Slasher (Formicid Wanderer)               Turns: 5672, Time: 00:08:41

Health: -1/63      AC:  3    Str: 16    XL:     8   Next: 17%
Magic:  8/8        EV: 12    Int: 16    God:    Okawaru [......]
Gold:   221        SH:  2    Dex:  9    Spells: 7/7 levels left

rFire    . . .     SeeInvis +   u - +1 falchion (slice)
rCold    . . .     Gourm    .   s - +0 buckler
rNeg     . . .     Faith    +   D - +0 leather armour of Words of Power {rElec} (curse)
rPois    .         Spirit   .   (helmet unavailable)
rElec    +         Reflect  .   (no cloak)
rCorr    .         Harm     .   (no gloves)
MR       .....                  (no boots)
Stlth    ++........             q - amulet of faith
Regen    0.2/turn               y - ring of wizardry
MPRegen  0.2/turn               (no ring)

@: very slightly contaminated, invisible
A: permanent stasis, dig shafts and tunnels, four strong arms, antennae 3
a: Dig, Shaft Self, Renounce Religion


You were on level 5 of the Dungeon.
You worshipped Okawaru.
Okawaru was noncommittal.
You were hungry.

You visited 2 branches of the dungeon, and saw 6 of its levels.

You collected 221 gold pieces.

Inventory:

Hand Weapons
 a - a +2 falchion
 b - a +0 quarterstaff
 e - a +0 dagger
 u - a +1 falchion of slicing (weapon)
Armour
 m - a +0 scale mail
 s - a +0 buckler (worn)
 A - a +0 chain mail
 D - the cursed +0 leather armour of Words of Power (worn) {rElec}
   (You found it on level 4 of the Dungeon)

   It insulates you from electricity.
   It has a curse placed upon it.
Jewellery
 j - a +2 amulet of reflection
 q - an amulet of faith (around neck)
 y - a ring of wizardry (left hand)
Wands
 l - a wand of digging (11/24)
Scrolls
 g - 3 scrolls of amnesia
 n - 2 scrolls of teleportation
 r - 2 scrolls of magic mapping {unknown}
 t - 2 scrolls of fear {unknown}
 x - a scroll of fog
 B - a scroll of remove curse {unknown}
 C - a scroll of enchant armour {unknown}
Potions
 k - a potion of cancellation
 p - a potion of might
 v - a potion of invisibility
Comestibles
 f - 2 bread rations
 i - 2 royal jellies
 o - 6 fruits
 w - a meat ration


   Skills:
 + Level 5.5 Fighting
 + Level 5.6 Long Blades
 * Level 5.1 Armour
 * Level 3.8 Dodging
 - Level 2.4 Stealth


You had 7 spell levels left.
You didn't know any spells.

Dungeon Overview and Level Annotations

Branches:
Dungeon (5/15)             Temple (1/1) D:4

Altars:
Ashenzari
Cheibriados
Dithmenos
Elyvilon
Fedhas
Gozag
Hepliaklqana
Kikubaaqudgha
Makhleb
Nemelex Xobeh
Okawaru
Qazlal
Ru
Sif Muna
Trog
Uskayaw
Vehumet
Wu Jian
Xom
Yredelemnul
Zin
The Shining One

Annotations:
D:4 Banto's ghost, amateur DsGl


Innate Abilities, Weirdness & Mutations

You cannot be hasted, slowed, berserked, paralysed or teleported.
You can dig through walls and to a lower floor.
Your four strong arms can wield two-handed weapons with a shield.
You have a pair of large antennae on your head. (SInv)


Message History

The gnoll hits you but does no damage. The iguana bites you!
The gnoll hits you with a flail.
* * * LOW HITPOINT WARNING * * *
You are too injured to fight recklessly!
You are too injured to fight recklessly!
You are too injured to fight recklessly!
You are too injured to fight recklessly!
You are too injured to fight recklessly!
You are too injured to fight recklessly!
Unknown command.
The iguana bites you!
* * * LOW HITPOINT WARNING * * *
Okay, then.
Unknown command.
You fade into invisibility!
The gnoll hits you.
* * * LOW HITPOINT WARNING * * *
You are very lightly contaminated with residual magic.
You hit the gnoll but do no damage. The gnoll hits you.
You die...

## .# .# .# ### .# #@# .# #g#
############## .# #l#
#............# .# #g#
#............'
.###############S###............#
................g...............'
.#######.##......##.............#
.# #........................# .#
####........................#


You could see an iguana, 3 gnolls and an adder.

Vanquished Creatures
  A phantom (D:4)
  2 centaurs (D:5)
  2 scorpions
  A crimson imp (D:5)
  2 hounds (D:4)
  Terence (D:2)
  2 orc wizards
  3 worker ants
  2 hound zombies (D:5)
  A hound skeleton (D:4)
  4 gnolls (D:4)
  5 adders
  2 oozes
  A worm (D:2)
  5 leopard geckos (D:1)
  7 orcs
  8 bats
  3 giant cockroaches
  4 hobgoblins
  12 jackals
  3 quokkas
  8 frilled lizards
  8 goblins
  12 kobolds
  13 rats
112 creatures vanquished.

Notes
Turn   | Place    | Note
-------+----------+-------------------------------------------
     0 | D:1      | Herrn the Formicid Wanderer began the quest for the Orb.
     0 | D:1      | Herrn set off with: a +2 falchion, a +0 quarterstaff, a potion of lignification, a +0 robe, a +0 dagger, a bread ration
     0 | D:1      | Reached XP level 1. HP: 20/20 MP: 1/1
   175 | D:1      | Reached XP level 2. HP: 21/26 MP: 2/2
   344 | D:1      | Reached skill level 1 in Armour
   344 | D:1      | Reached XP level 3. HP: 29/31 MP: 3/3
   821 | D:2      | Noticed Terence
   930 | D:2      | Killed Terence
   930 | D:2      | Reached XP level 4. HP: 32/38 MP: 4/4
  1477 | D:2      | Found a burning altar of Makhleb.
  1773 | D:2      | Reached XP level 5. HP: 43/43 MP: 5/5
  2871 | D:4      | Reached XP level 6. HP: 23/50 MP: 6/6
  2877 | D:4      | Reached skill level 5 in Fighting
  3096 | D:4      | Found a sparkling altar of Nemelex Xobeh.
  3099 | D:4      | Noticed Banto's ghost (amateur DsGl)
  3139 | D:5      | Entered Level 5 of the Dungeon
  3703 | D:4      | Reached XP level 7. HP: 46/56 MP: 7/7
  3786 | D:4      | Found a staircase to the Ecumenical Temple.
  3829 | Temple   | Entered the Ecumenical Temple
  3874 | Temple   | Became a worshipper of Warmaster Okawaru
  4131 | D:4      | Got a faintly humming leather armour
  4142 | D:4      | Identified the cursed +0 leather armour of Words of Power {rElec} (You found it on level 4 of the Dungeon)
  4331 | D:4      | Reached skill level 5 in Long Blades
  4473 | D:4      | Found a stormy altar of Qazlal.
  4818 | D:5      | HP: 2/56 [scorpion (6)]
  4827 | D:5      | HP: 4/84 [poisoned by a scorpion]
  5014 | D:5      | Reached skill level 5 in Armour
  5168 | D:5      | Reached XP level 8. HP: 4/63 MP: 8/8
  5168 | D:5      | HP: 2/63 [crimson imp/mace (2)]
  5267 | D:5      | Reached * piety under Okawaru
  5662 | D:5      | HP: 3/63 [iguana (13)]
  5672 | D:5      | Slain by a gnoll

Vault maps used:
D:1:      minmay_arrival_loop, minmay_misc_feat_plants
D:2:      bloody_makhleb, uniq_terence
D:4:      overflow_temple_1_default, minmay_temple_entry_grid,
          minmay_ruined_shrine
D:5:      first_bread, led_sif_book
Temple:   compressed_dpeg_triangle_lava_temple

Skill      XL: |  1  2  3  4  5  6  7 |
---------------+----------------------+-----
Armour         | 1 2 3 4 5 |  5.1
Dodging        | 2 3 |  3.8
Long Blades    | 4 5 |  5.6
Fighting       | 5 |  5.5
Stealth        | |  2.4

Action                   |  1- 3 |  4- 6 |  7- 9 || total
-------------------------+-------+-------+-------++-------
Melee: Falchion          |    87 |   197 |   143 ||   427
 Abil: Dig               |     1 |     3 |       ||     4
  Use: Potion            |       |       |    10 ||    10
       Scroll            |       |       |     4 ||     4
 Stab: Sleeping          |     2 |       |     1 ||     3
       Invisible         |       |       |     1 ||     1
  Eat: Chunk             |       |    10 |     3 ||    13
       Fruit             |       |       |     3 ||     3
Armor: Robe              |    10 |       |       ||    10
       Scale mail        |       |    69 |       ||    69
       Chain mail        |       |    12 |    15 ||    27
       Skin              |       |       |    19 ||    19
       Leather armour    |       |       |    13 ||    13
Dodge: Dodged            |    59 |   106 |    71 ||   236
Block: Other             |     1 |    18 |       ||    19
       Buckler           |       |       |     6 ||     6
       Rpst.: Falchion   |    23 |    37 |    22 ||    82
